AoeStats
← Form 1040

Fortress

510321103Analyzed
1v1 RM · 3d ago on Sep 30, 2026· 33m 32s· 2 players
Game mode
Random Map
Map size
Small (3 player)
Population
200
Speed
Normal
Resources
Standard
Victory
Conquest
Starting age
Dark Age
Ending age
Imperial Age
RankedLock teamsTeams togetherTeam positionsShared explorationLock speedFull tech treeHidden civsTurbo modeCheats
Victory
Defeat
🇯🇵 Dravidians · Japan
1093
+48
🇨🇳 Wu · China
1110
-17
Form 1040
8:18 Feudal Age
9:23 Double-Bit Axe
9:55 Horse Collar
12:36 Castle Age
14:02 Wheelbarrow
13:46 Heavy Plow
13:59 Bow Saw
20:18 Hand Cart
22:26 Gold Mining
22:26 Stone Mining
22:27 Loom
27:04 Imperial Age
24:02 Elite Skirmisher
25:06 Scale Mail Armor
24:58 Fletching
25:08 Padded Archer Armor
25:59 Thumb Ring
26:29 Bodkin Arrow
27:04 Ballistics
27:38 Leather Archer Armor
28:15 Conscription
28:08 Bracer
29:23 Chemistry
29:24 Ring Archer Armor
29:55 Chain Mail Armor
30:39 Conscription
30:10 Pikeman
30:50 Squires
30:36 Arson
31:03 Forging
31:49 Plate Mail Armor
31:31 Elite Urumi Swordsman
32:36 Halberdier
34:03 Iron Casting
海姆
7:59 Feudal Age
11:47 Castle Age
9:53 Double-Bit Axe
11:59 Wheelbarrow
11:32 Horse Collar
13:00 Bow Saw
14:02 Heavy Plow
16:56 Hand Cart
17:31 Fervor
17:43 Sanctity
20:37 Loom
21:18 Town Watch
21:42 Gold Mining
21:42 Stone Mining
22:07 Fletching
22:40 Padded Archer Armor
23:28 Gold Shaft Mining
23:20 Bodkin Arrow
24:06 Leather Archer Armor
27:07 Imperial Age
25:23 Forging
27:08 Ballistics
27:57 Bloodlines
27:47 Husbandry
27:08 Light Cavalry
28:07 Bracer
28:08 Scale Mail Armor
28:09 Man-at-Arms
28:49 Squires
28:35 Arson
29:13 Conscription
30:19 Chemistry
30:58 Chain Mail Armor
31:19 Iron Casting
32:57 Hussar
Connection lost

Rejoining the realm…

Still unreachable

The connection could not be restored.

Session expired

The server has moved on; the page needs a fresh start.